AoeStats
← Jan Itor

Oasis

509121906Analyzed
4v4 RM · 7d ago on Sep 25, 2026· 19m 35s· 8 players
Game mode
Random Map
Map size
Large (8 player)
Population
200
Speed
Normal
Resources
Standard
Victory
Conquest
Starting age
Dark Age
Ending age
Imperial Age
RankedLock teamsTeams togetherTeam positionsShared explorationLock speedFull tech treeHidden civsTurbo modeCheats
Victory
Defeat
🇨🇳 Armenians · China
1800
+7
🇩🇪 Franks · Germany
1799
+7
🇻🇳 Goths · Vietnam
1712
+10
🇲🇽 Vietnamese · Mexico
1656
+13
🇪🇸 Sicilians · Spain
1696
-12
🇪🇸 Mapuche · Spain
1622
-11
🇵🇪 Dravidians · Peru
1516
-7
🇪🇸 Britons · Spain
1496
-7
Rv
6:20 Loom
8:34 Feudal Age
9:36 Double-Bit Axe
12:44 Fletching
回忆里太多好
10:50 Feudal Age
11:53 Double-Bit Axe
14:25 Castle Age
15:52 Horse Collar
19:43 Loom
81danchoi
6:53 Loom
9:21 Feudal Age
9:50 Double-Bit Axe
10:46 Horse Collar
10:52 Horse Collar
14:20 Scale Barding Armor
19:58 Castle Age
18:06 Gold Mining
19:00 Bloodlines
Jan Itor
8:46 Feudal Age
10:16 Double-Bit Axe
14:44 Scale Barding Armor
16:27 Forging
21:04 Castle Age
19:14 Gold Mining
k0nK1_TG
7:29 Loom
9:45 Feudal Age
12:20 Double-Bit Axe
17:44 Fletching
17:59 Town Watch
18:14 Gold Mining
pau795
8:33 Loom
10:18 Feudal Age
14:28 Castle Age
13:00 Double-Bit Axe
12:59 Horse Collar
15:35 Bow Saw
DS_Maulet
5:31 Loom
8:40 Feudal Age
9:35 Double-Bit Axe
9:42 Horse Collar
16:43 Wheelbarrow
16:28 Forging
16:43 Bloodlines
16:46 Forging
18:16 Scale Barding Armor
DYN_BenderGC
8:56 Feudal Age
10:20 Loom
10:57 Double-Bit Axe
11:10 Fletching
Connection lost

Rejoining the realm…

Still unreachable

The connection could not be restored.

Session expired

The server has moved on; the page needs a fresh start.